 Dungeon Crawl Stone Soup version 0.26-a0-667-g92642533e4 (webtiles) character file.

Game seed: 12427521280445017803

106 lunkers the Skirmisher (level 4, -1/33 HPs)
             Began as an Octopode Fighter on Oct 16, 2020.
             Was an Initiate of Ru.
             Slain by a phantom (9 damage)
             ... on level 4 of the Dungeon.
             The game lasted 00:02:57 (2779 turns).

lunkers the Skirmisher (Octopode Fighter)           Turns: 2779, Time: 00:02:57

Health: -1/33      AC:  1    Str: 15    XL:     4   Next: 84%
Magic:  4/4        EV: 11    Int: 11    God:    Ru [......]
Gold:   187        SH:  8    Dex: 11    Spells: 3/3 levels left

rFire    . . .     SeeInvis .   a - +0 war axe
rCold    . . .     Faith    .   b - +0 kite shield
rNeg     . . .     Spirit   .   (helmet restricted)
rPois    .         Reflect  .   (no amulet)
rElec    .         Harm     .   g - ring of wizardry
rCorr    .         Rampage  .   (no ring)
MR       .....                  (no ring)
Stlth    ++........             (no ring)
HPRegen  0.11/turn              (no ring)
MPRegen  0.09/turn              (no ring)
                                (no ring)
                                (no ring)

@: no status effects
A: almost no armour, stealthy swim, amphibious, 8 rings, constrict 8, camouflage
1, gelatinous body 1
a: Renounce Religion


You were on level 4 of the Dungeon.
You worshipped Ru.
Ru was noncommittal.
You visited 1 branch of the dungeon, and saw 4 of its levels.

You collected 187 gold pieces.

Inventory:

Hand Weapons
 a - a +0 war axe (weapon)
Armour
 b - a +0 kite shield (worn)
Jewellery
 g - a ring of wizardry (left tentacle)
Scrolls
 d - a scroll of remove curse {unknown}
 f - 3 scrolls of teleportation {unknown}
 i - a scroll of amnesia {unknown}
 k - 4 scrolls of identify {unknown}
 o - a scroll of magic mapping {unknown}
Potions
 c - a potion of might
 e - 2 potions of heal wounds {unknown}
 h - a potion of lignification {unknown}
 j - a potion of flight {unknown}
 l - a potion of invisibility {unknown}
 m - a potion of curing {unknown}
 n - a potion of haste {unknown}
 p - a potion of brilliance {unknown}


   Skills:
 + Level 3.7 Fighting
 * Level 3.7 Axes
 - Level 3.0 Dodging
 + Level 3.6 Shields


You had 3 spell levels left.
You didn't know any spells.
Your spell library was empty.

Dungeon Overview and Level Annotations

Branches:
Dungeon (4/15)
 Temple: D:4-7

Altars:
Cheibriados
Dithmenos
Kikubaaqudgha
Qazlal
Ru
Zin


Innate Abilities, Weirdness & Mutations

You cannot wear most types of armour.
You are very stealthy in the water. (Stealth+)
You are amphibious.
You can wear up to eight rings at the same time.
You can use your tentacles to constrict eight enemies at once.
Your skin changes colour to match your surroundings (Stealth+).
Your rubbery body absorbs attacks. (AC +1, EV +1)


Message History

The phantom is heavily damaged.
You block the phantom's attack. The phantom hits you!
* * * LOW HITPOINT WARNING * * *
You miss the phantom. Your squeeze misses the phantom.
The phantom is heavily damaged.
The phantom misses you.
You closely miss the phantom.
The phantom is heavily damaged.
You block the phantom's attack.
You closely miss the phantom.
The phantom is moderately damaged.
You block the phantom's attack.
The phantom hits you but does no damage.
You hit the phantom but do no damage. Your squeeze misses the phantom.
The phantom is moderately damaged.
You block the phantom's attack.
You closely miss the phantom.
The phantom is moderately damaged.
The phantom hits you!
You die...

#############
##.....#.....##
##.............##
#...............#
#.......@......>#
#.......W.......#
#....)..........#
#########...............#
............<...........#
###....###.............##
###....# #............##
.......# #.#####.######
##.....# #.# #.#


You could see a phantom.

Vanquished Creatures
  4 adders
  2 oozes
  A dart slug (D:3)
  8 orcs (D:3)
  3 bats
  4 giant cockroaches
  2 goblins
  7 hobgoblins
  4 jackals
  A ball python (D:3)
  5 frilled lizards
  3 kobolds
  7 rats
51 creatures vanquished.

Notes
Turn   | Place    | Note
-------+----------+-------------------------------------------
     0 | D:1      | lunkers the Octopode Fighter began the quest for the Orb.
     0 | D:1      | Reached XP level 1. HP: 16/16 MP: 1/1
   165 | D:1      | Reached XP level 2. HP: 20/21 MP: 2/2
   307 | D:1      | Found a shadowy altar of Dithmenos.
   791 | D:2      | Found a stormy altar of Qazlal.
   791 | D:2      | Found a glowing silver altar of Zin.
   867 | D:2      | Reached XP level 3. HP: 26/26 MP: 3/3
   956 | D:2      | Found a snail-covered altar of Cheibriados.
  1084 | D:2      | You fall into a shaft and drop 2 floors!
  1135 | D:3      | Reached XP level 4. HP: 21/31 MP: 4/4
  1288 | D:2      | Found an ancient bone altar of Kikubaaqudgha.
  1288 | D:2      | Found a sacrificial altar of Ru.
  1299 | D:2      | Became a worshipper of Ru the Awakened
  1884 | D:3      | Found a sacrificial altar of Ru.
  2485 | D:4      | Noticed a phantom
  2779 | D:4      | Slain by a phantom

Illustrated notes

Levels and vault maps discovered:
D:1:      wander_arrival_peaceful_grave, layout_basic, minmay_hexomino_r4
D:2:      layout_rooms, amethyst_overflow_temple_binary, old_standard_altar,
          nicolae_overflow_hidden_temple
D:3:      layout_loops_ring, hangedman_ru_absence
D:4:      layout_rooms, kennysheep_little_box

Skill      XL: |  1  2  3 |
---------------+----------+-----
Axes           | 3 |  3.7
Fighting       | |  3.7
Dodging        | |  3.0
Shields        | |  3.6

Action                   |  1- 3 |  4- 6 || total
-------------------------+-------+-------++-------
Melee: War axe           |    51 |    57 ||   108
       Constrict         |    12 |     9 ||    21
       Tentacles         |     8 |     6 ||    14
 Stab: Sleeping          |     7 |     5 ||    12
Armor: Skin              |     1 |     8 ||     9
Dodge: Dodged            |    18 |    27 ||    45
Block: Kite shield       |    11 |    23 ||    34

Table legend: (Time is in decaauts)
 A = Elapsed time spent in this place.
 B = Non-inter-level travel time spent in this place.
 C = Inter-level travel time spent in this place.
 D = Time resting spent in this place.
 E = Time spent auto-exploring this place.
 F = Levels seen in this place.
 G = Mean time per level.
                   A        B        C        D        E       F      G
               +--------+--------+--------+--------+--------+-----+--------+
         Total |   2825 |   2769 |     56 |    239 |   2110 |   4 |  706.2 |
       Dungeon |   2825 |   2769 |     56 |    239 |   2110 |   4 |  706.2 |
               +--------+--------+--------+--------+--------+-----+--------+

Top non-repeatable levels by time:
     D:3: 1310 daAuts
     D:1: 722 daAuts
     D:2: 664 daAuts
     D:4: 128 daAuts
